Map: Base du roi Sejong EC

Players

MeomaikA - Winner!

  • Race: Protoss Protoss
  • League: Master

Sankukai

  • Race: Zerg Zerg
  • League: Gold

VOD

Have the link to the VOD?

Description

Time

  • Played on: Aug. 19, 2016, 9:20 a.m.
  • Length: 6:51
Show
View Real Time Build Order
Export as new Build Order

MeomaikA Protoss - Winner!

Build Orders: Oracle Opening 

Get SALT Encoding   

  12  0:01  Probe (Chrono Boost)  
  13  0:12  Pylon  
  13  0:17  Probe (Chrono Boost)  
  14  0:27  Probe (Chrono Boost)  
  15  0:33  Gateway  
  15  0:40  Assimilator  
  15  0:43  Probe (Chrono Boost)  
  16  0:54  Probe (Chrono Boost)  
  17  1:04  Probe (Chrono Boost)  
  18  1:15  Probe (Chrono Boost)  
  18  1:18  Pylon  
  19  1:20  Cybernetics Core  
  19  1:25  Probe (Chrono Boost)  
  20  1:35  Assimilator  
  20  1:36  Probe (Chrono Boost)  
  21  1:46  Probe (Chrono Boost)  
  22  1:57  Probe (Chrono Boost)  
  23  2:05  Stargate  
  23  2:07  Probe (Chrono Boost)  
  24  2:09  Cybernetics Core  
  24  2:16  Adept  
  24  2:18  Probe (Chrono Boost)  
  27  2:24  Pylon  
  27  2:31  Pylon  
  27  2:42  Probe (Chrono Boost)  
  28  2:44  Oracle  
  28  2:45  Adept  
  33  2:54  Probe (Chrono Boost)  
  34  3:04  Pylon  
  34  3:05  Pylon  
  34  3:08  Gateway  
  34  3:19  Adept  
  37  3:43  Probe (Chrono Boost)  
  37  3:46  Adept  
  39  3:55  Probe (Chrono Boost)  
  38  4:01  Oracle  
  38  4:03  Adept  
  38  4:07  Probe (Chrono Boost)  
  44  4:11  Stargate  
  44  4:13  Adept  
  46  4:18  Nexus  
  46  4:28  Probe (Chrono Boost)  
  47  4:40  Probe (Chrono Boost)  
  49  4:52  Probe (Chrono Boost)  
  49  4:54  Assimilator  
  49  4:57  Oracle  
  49  4:58  Oracle, Assimilator  
  52  5:02  Pylon  
  52  5:04  Pylon  
  56  5:22  Probe (Chrono Boost)  
  56  5:28  Oracle  
  56  5:34  Probe (Chrono Boost)  
  60  5:38  Probe (Chrono Boost)  
  61  5:46  Probe (Chrono Boost)  
  61  5:48  Probe (Chrono Boost)  
  61  5:49  Adept x2  
  67  5:59  Pylon x2, Probe (Chrono Boost)  
  67  6:02  Oracle x2  
  68  6:11  Probe (Chrono Boost)  
  75  6:23  Probe (Chrono Boost)  
Show
View Real Time Build Order
Export as new Build Order

Sankukai Zerg 

Build Orders: Pool First 

Get SALT Encoding   

  12  0:01  Drone  
  13  0:14  Overlord  
  13  0:19  Drone  
  14  0:34  Drone  
  14  0:35  Drone  
  16  0:38  Drone  
  17  0:49  Extractor  
  16  0:54  Spawning Pool  
  15  0:57  Drone  
  16  1:29  Drone x2  
  16  1:30  Drone  
  19  1:44  Zergling x2  
  20  1:47  Queen  
  20  1:52  Overlord  
  22  2:14  Zergling x4  
  24  2:23  Roach Warren  
  24  2:26  Zergling x2  
  24  2:27  Queen  
  26  2:35  Drone  
  27  2:46  Drone  
  28  2:57  Overlord  
  28  3:10  Hatchery  
  27  3:13  Queen  
  27  3:18  Drone  
  30  3:23  Drone x2  
  32  3:36  Metabolic Boost  
  32  3:45  Drone x3  
  31  4:04  Spore Crawler  
  30  4:12  Drone x4  
  34  4:19  Drone  
  35  4:25  Overlord x2  
  32  4:44  Spore Crawler  
  31  4:46  Queen  
  32  4:53  Drone x3  
  32  4:54  Drone  
  32  4:57  Roach Warren  
  32  4:59  Extractor  
  34  5:12  Lair  
  34  5:17  Evolution Chamber  
  34  5:18  Evolution Chamber  
  34  5:20  Drone x3  
  35  5:25  Extractor  
  34  5:55  Drone x5  
  34  5:56  Drone  
  40  6:06  Drone x2  
  40  6:07  Drone  
  43  6:18  Extractor  
  42  6:26  Drone x3  
Tags
 
Add a new tag
Caveats
  • Supply blocks, unpowered buildings, or Contaminate may cause inaccurate times.
  • Supply counts are checked every 10 seconds.